 Dungeon Crawl Stone Soup version 0.02-122-g12e50fee3c (webtiles) character file.

Game seed: 18349417507408174549, levelgen mode: deterministic

46 hurricos the Slasher (level 3, -1/27 HPs) Goblin Fighter. Began on Oct 9, 2020. Slain by a big kobold ... wielding a +0 short sword (8 damage) ... on level 1 of the Dungeon. The game lasted 00:02:27 (1518 turns).

hurricos the Slasher (Goblin Fighter)               Turns: 1518, Time: 00:02:28

Health: -1/27      AC:  8    Str: 15    XL:     3 ^: 2
Magic:  1/1        EV: 11    Int:  2    God:
Gold:   71         SH:  5    Dex:  6    Spells: 2/2 levels left

rFire    . . .     Vision   .   a - +0 long sword
rCold    . . .     Gourm    .   c - +0 buckler
rNeg     . . .     Faith    .   b - +0 scale mail
rPois    .         Spirit   .   (no helmet)
rElec    .         Reflect  .   i - +0 cloak
rCorr    .         Harm     .   (no gloves)
MR       .....                  (no boots)
Stlth    ..........             (no amulet)
HPRegen  0.19/turn              (no ring)
MPRegen  0.11/turn              (no ring)

@: mighty
A: small, stagnant stats, goblin's greed, low mp 1, mutation resistance 1, god's
pity 2
a: no special abilities


You were on level 1 of the Dungeon.
You were not hungry.

You visited 1 branch of the dungeon, and saw 2 of its levels.

You collected 60 gold pieces.

Inventory:

Weapons
 a - a +0 long sword (weapon) Shields
 c - a +0 buckler (shield)
 k - a +0 targe
Armour
 b - a +0 scale mail (worn)
 g - a scarf of spirit shield
 i - a +0 cloak (worn)
Scrolls
 l - 2 scrolls of amnesia
Potions
 h - a potion of lignification
 j - 2 potions of ambrosia
Comestibles
 f - 3 rations


   Skills:
 - Level 4.0 Fighting
 + Level 5.2 Long Blades
 - Level 4.0 Armour
 - Level 4.0 Shields


You had 2 spell levels left.
You didn't know any spells.
Your spell library was empty.

Dungeon Overview and Level Annotations

Branches:
Dungeon (2/8)

Altars:

Shops:
D:2 *


Innate Abilities, Weirdness & Mutations

Your stats never grow through leveling.
Your goblin ancestry allows you to find more gold. (+20%)
You are small and have problems with some larger weapons.
Your magical capacity is low. (-10% MP)
You are somewhat resistant to further mutation.
The pity of the gods increases the power of your passive and invoked divine abilities.


Message History

The big kobold is moderately wounded. (17/28) HP The sewer rat bites you (9)!
* * * LOW HITPOINT WARNING * * *
The big kobold barely misses you (0).
You aren't carrying any items that you can evoke.
Unknown command.
You barely miss the sewer rat. You block the sewer rat's attack.
You block the big kobold's attack. The sewer rat barely misses you (0).
You feel better.
The big kobold hits you but does no damage.
The sewer rat bites you (1).
You feel very mighty all of a sudden.
The big kobold hits you but does no damage.
The sewer rat barely misses you (0).
You closely miss the sewer rat. The big kobold closely misses you (0).
The sewer rat bites you (6).
* * * LOW HITPOINT WARNING * * *
You closely miss the big kobold.
The big kobold hits you with a +0 short sword (8)!
You die...

#.....# #......#.............#
#.....# #...[..#.............#
###.....# #......#......<......#
..#.....# #......#.............#
#.#.....# ####...#.............#
#.#....†#######..##...........##
#.#..............###.........##
#.#.....########r# #'.......'#
#.#.....# #@# ###.....###
#.####.## #K#######.### #.# #.#
#.##..).#.# #.# #.# #.##.##...#
#.# #.# #.##.##.### #.# #.#
#.##.##.# #.# #.# #.##)##.# #.#
#.# #.##.##.########## ######.#
#.##.##...........


You could see a big kobold and a sewer rat.

Vanquished Creatures
  A cinder newt (D:1)
  A dart slug (D:1)
  2 leopard geckos (D:1)
  2 giant cockroaches (D:1)
  5 goblins (D:1)
  8 hobgoblins (D:1)
  2 ball pythons (D:1)
  4 bats (D:1)
  7 kobolds
  2 rats (D:1)
34 creatures vanquished.

Vanquished Creatures (others)
  2 withered plants (D:2)
2 creatures vanquished.

Grand Total: 36 creatures vanquished

Notes
Turn   | Place    | Note
-------+----------+-------------------------------------------
     0 | D:1      | hurricos the Goblin Fighter began the quest for the Orb.
     0 | D:1      | Reached XP level 1. HP: 17/17 MP: 0/0
    70 | D:1      | Reached skill level 3 in Long Blades
   124 | D:1      | Reached XP level 2. HP: 20/22 MP: 0/0
   232 | D:1      | Reached skill level 4 in Long Blades
   496 | D:1      | Reached XP level 3. HP: 8/27 MP: 1/1
  1002 | D:1      | Reached skill level 5 in Long Blades
  1475 | D:2      | Found Tgiutuof's Tempting Trifles.
  1475 | D:2      | Noticed a big kobold
  1518 | D:1      | Slain by a big kobold

Levels and vault maps discovered:
D:1:      lemuel_arrival_rhombus, layout_basic, serial_corexii_hall,
          corexii_hall_statues_i, chequers_hall_statues_wall_a,
          minmay_statues_item
D:2:      layout_sewer, nicolae_alphabet_shops, chequers_jeans

Skill      XL: |  1  2  3 |
---------------+----------+-----
Long Blades    | 3 4 5 |  5.2
Fighting       | |  4.0
Armour         | |  4.0
Shields        | |  4.0

Action                   || total
-------------------------++-------
Melee: Long sword        ||   171
  Use: Potion            ||     3
  Eat: Chunk             ||     2
Armor: Scale mail        ||    44
       Skin              ||    37
Dodge: Dodged            ||   111
Block: Buckler           ||    60
       Rpst.: Long sword ||    32
